 Dungeon Crawl Stone Soup version 0.24.0-123-gd5b16e6ec5 (webtiles) character file.

Game seed: 1527657354601974131, levelgen mode: deterministic

256 FessEmpty the Charlatan (level 5, -4/45 HPs)
             Began as a Draconian Artificer on Dec 27, 2019.
             Killed by divine providence
             ... invoked by an orc priest
              (15 damage)
             ... on level 3 of the Dungeon.
             The game lasted 00:06:40 (2398 turns).

FessEmpty the Charlatan (Draconian Artificer)       Turns: 2398, Time: 00:06:41

Health: -4/45      AC:  5    Str: 15    XL:     5   Next: 92%
Magic:  8/8        EV: 13    Int: 12    God:
Gold:   114        SH:  0    Dex: 11    Spells: 4/4 levels left

rFire    . . .     SeeInvis .   a - +0 short sword
rCold    . . .     Gourm    .   (no shield)
rNeg     . . .     Faith    .   (armour unavailable)
rPois    .         Spirit   .   (helmet restricted)
rElec    .         Reflect  .   (no cloak)
rCorr    .         Harm     .   (no gloves)
MR       .....                  (no boots)
Stlth    ++........             (no amulet)
HPRegen  0.15/turn              (no ring)
MPRegen  0.11/turn              (no ring)

@: no status effects
A: unfitting armour, cold-blooded, AC +5
a: no special abilities


You were on level 3 of the Dungeon.
You were not hungry.

You visited 1 branch of the dungeon, and saw 3 of its levels.

You collected 114 gold pieces.

Inventory:

Hand Weapons
 a - a +0 short sword (weapon)
Missiles
 e - 6 boomerangs (quivered)
Wands
 b - a wand of flame (12)
 c - a wand of enslavement (15)
 d - a wand of random effects (7)
 i - a wand of polymorph (11)
Scrolls
 l - a scroll of fog
Potions
 g - 2 potions of flight {unknown}
 h - a potion of heal wounds {unknown}
 j - a potion of brilliance {unknown}
 k - 2 potions of lignification {unknown}
 n - a potion of curing {unknown}
 o - a potion of resistance {unknown}
 p - a potion of cancellation {unknown}
Comestibles
 f - 5 rations
 m - a chunk of flesh


   Skills:
 + Level 3.0 Fighting
 + Level 2.6 Short Blades
 + Level 2.9 Dodging
 + Level 2.6 Stealth
 + Level 4.0 Evocations


You had 4 spell levels left.
You didn't know any spells.
Your spell library was empty.

Dungeon Overview and Level Annotations

Branches:
Dungeon (3/15)

Altars:


Innate Abilities, Weirdness & Mutations

Your plain brown scales are hard. (AC +5)
You cannot fit into any form of body armour.
You are cold-blooded and may be slowed by cold attacks.


Message History

The kobold shouts!
You hit the kobold.
The kobold is moderately wounded.
The kobold hits you with a +0 dagger.
You barely miss the kobold.
The kobold is moderately wounded.
The kobold barely misses you.
You hit the kobold.
You kill the kobold!
Your Evocations skill increases to level 4!
Things that are here:
a +0 dagger; a kobold corpse
k - 2 glowing orange potions
Things that are here:
a +0 dagger; a kobold corpse A leopard gecko comes into view.
You see here a quokka corpse.
There are no objects that can be picked up here. a quokka corpse The leopard gecko hisses angrily.
You hit the leopard gecko.
The leopard gecko is almost dead.
The leopard gecko bites you but does no damage.
You closely miss the leopard gecko.
Your tail-slap misses the leopard gecko.
The leopard gecko is almost dead.
The leopard gecko bites you.
The leopard gecko bites you but does no damage.
You barely miss the leopard gecko.
The leopard gecko is almost dead.
The leopard gecko misses you.
You completely miss the leopard gecko.
The leopard gecko is almost dead.
The leopard gecko closely misses you.
You hit the leopard gecko.
You kill the leopard gecko!
You butcher the leopard gecko corpse.
m - 8 chunks of flesh (gained 2)
You see here a leopard gecko skeleton. x2
You butcher the quokka corpse.
m - 9 chunks of flesh (gained 1)
You see here a quokka skeleton. x2
Some of the chunks of flesh in your inventory have rotted away.
You see here a leopard gecko skeleton.
You see here a quokka skeleton.
Things that are here:
a +0 dagger; a kobold corpse
Things that are here:
a +0 dagger; a kobold corpse Some of the chunks of flesh in your inventory have rotted away.
You now have 78 gold pieces (gained 6).
You now have 95 gold pieces (gained 17).
Things that are here:
a +0 scythe; a +0 robe Some of the chunks of flesh in your inventory have rotted away.
You see here a +0 robe.
You see here a +0 dagger.
There is a stone staircase leading up, spattered with blood here.
Done exploring.
Done exploring.
(D) Dungeon
Where to? (Enter - D:1 @ (x,y), ? - help)
There is a stone staircase leading up, spattered with blood here.
You see here a +0 dagger.
A goblin comes into view.
Throwing (i - inventory)
e - 6 boomerangs (quivered)
Press: ? - help, Shift-Dir - straight line, f - goblin
Aim: a goblin (hasn't noticed you)
You throw a boomerang.
The boomerang closely misses the goblin.
The goblin shouts!
Throwing (i - inventory)
e - 6 boomerangs (quivered)
Press: ? - help, Shift-Dir - straight line, f/p - goblin
Aim: a goblin You throw a boomerang.
The boomerang closely misses the goblin.
Throwing (i - inventory)
e - 6 boomerangs (quivered)
Press: ? - help, Shift-Dir - straight line, f/p - goblin
Aim: a goblin You throw a boomerang.
The boomerang misses the goblin.
Throwing (i - inventory)
e - 6 boomerangs (quivered)
Press: ? - help, Shift-Dir - straight line, f/p - goblin
Aim: a goblin You throw a boomerang.
The boomerang hits the goblin.
The goblin is moderately wounded.
Throwing (i - inventory)
e - 6 boomerangs (quivered)
Press: ? - help, Shift-Dir - straight line, f/p - goblin
Aim: a goblin (moderately wounded)
You throw a boomerang. The boomerang barely misses the goblin.
The goblin barely misses you.
You hit the goblin but do no damage.
The goblin is moderately wounded.
The goblin hits you.
You hit the goblin.
The goblin is heavily wounded.
The goblin misses you.
You hit the goblin.
You kill the goblin!
Your Fighting skill increases to level 3!
p - a purple potion You see here a goblin corpse.
There are no objects that can be picked up here. a goblin corpse You butcher the goblin corpse.
m - 5 chunks of flesh (gained 2)
You see here a goblin skeleton.
Done exploring.
(D) Dungeon
Where to? (Enter - D:3, ? - help)
There is a stone staircase leading down here.
Some of the chunks of flesh in your inventory have rotted away.
You climb downwards.
There is a stone staircase leading up here.
There's nothing to open nearby.
HP restored.
You now have 104 gold pieces (gained 9).
Eating one of 2 chunks of flesh.
You eat one of the 2 chunks of flesh.
This raw flesh tastes terrible.
You now have 114 gold pieces (gained 10).
A bat and an orc come into view.
Throwing (i - inventory)
e - 6 boomerangs (quivered)
Press: ? - help, Shift-Dir - straight line, f - orc
Aim: an orc, wielding a +0 club (resting)
You throw a boomerang. The boomerang hits the orc.
The orc shouts!
The orc is severely wounded.
You hear a shout!
An orc priest comes into view. It is wielding a +0 hand axe.
You hear a shout!
An orc priest comes into view. It is wielding a +0 dagger.
The orc closely misses you. The orc barely misses you.
An orc comes into view. It is wielding a +0 club.
The orc closely misses you.
The orc shouts!
You hit the orc.
You kill the orc!
The orc priest barely misses you. The orc priest closely misses you.
The orc priest looks braver for a moment.
The orc priest hits you with a cursed +0 hand axe.
An orc comes into view. It is wielding a +0 falchion.
The orc priest shouts!
You hear a shout!
The orc priest hits you but does no damage.
An orc comes into view.
The orc priest casts a cantrip, but nothing happens.
The orc barely misses you.
The orc priest invokes the aid of Beogh against you.
Beogh smites you! The orc barely misses you. The orc closely misses you.
The orc hits you but does no damage. The orc closely misses you.
The orc hits you with a +0 club. The orc hits you but does no damage.
The orc hits you but does no damage. The orc barely misses you.
The orc barely misses you. The orc closely misses you.
The orc priest looks satisfied for a moment.
The orc hits you with a +0 club. The orc closely misses you.
The orc priest mumbles some strange prayers to Beogh against you.
Beogh smites you! The orc closely misses you. The orc barely misses you.
The orc priest casts a cantrip, but nothing happens.
The orc closely misses you. The orc hits you but does no damage.
The orc hits you but does no damage. The orc closely misses you.
The orc misses you. The orc barely misses you. The orc hits you with a +0 club.
The orc barely misses you. The orc hits you but does no damage.
The orc misses you. The orc closely misses you. The orc closely misses you.
The orc barely misses you. The orc hits you with a +0 club.
The orc priest casts a cantrip, but nothing happens.
The orc barely misses you.
The orc priest looks encouraged for a moment.
The orc closely misses you. The orc closely misses you. The orc misses you.
The orc hits you but does no damage. The orc hits you with a +0 club.
The orc closely misses you. The orc barely misses you.
The orc completely misses you. The orc hits you with a +0 club.
* * * LOW HITPOINT WARNING * * *
The orc hits you with a +0 club.
* * * LOW HITPOINT WARNING * * *
The orc priest looks encouraged for a moment.
The orc closely misses you. The orc hits you but does no damage.
The orc priest mumbles some strange prayers to Beogh against you.
Beogh smites you!
You die...

#.#####..≈≈≈.. # #.
#........≈≈≈.. #. #.
#######..≈≈≈.. #.#
.. .........≈≈≈..
..[#. #######.......
##+#.#.
########......#
.......
.........####..
......o###########.#
#.#
.....obo@..........#
#.#
......##############
#.# ..... #.# .###
#.# #.# #.# ####.#
#....# #.####


You could see an orc priest, 2 orcs and a bat.

Vanquished Creatures
  Sigmund (D:2)
  Jessica (D:2)
  Robin (D:1)
  An adder (D:2)
  A worm (D:2)
  A dart slug (D:1)
  A leopard gecko (D:2)
  An orc (D:3)
  A bat (D:1)
  2 giant cockroaches
  4 hobgoblins (D:1)
  4 jackals (D:1)
  A quokka (D:2)
  2 frilled lizards
  14 goblins
  5 kobolds
  2 rats
43 creatures vanquished.

Notes
Turn   | Place    | Note
-------+----------+-------------------------------------------
     0 | D:1      | FessEmpty the Draconian Artificer began the quest for the
                  | Orb.
     0 | D:1      | Reached XP level 1. HP: 16/16 MP: 3/3
   119 | D:1      | Reached skill level 1 in Stealth
   307 | D:1      | Reached XP level 2. HP: 10/23 MP: 4/4
  1164 | D:2      | Noticed Robin
  1220 | D:2      | Noticed Jessica
  1221 | D:2      | Killed Jessica
  1221 | D:2      | Reached XP level 3. HP: 29/29 MP: 5/5
  1244 | D:1      | Killed Robin
  1317 | D:2      | Noticed Sigmund
  1634 | D:2      | Reached XP level 4. HP: 33/36 MP: 6/6
  1812 | D:2      | Killed Sigmund
  1812 | D:2      | Reached XP level 5. HP: 34/44 MP: 7/7
  2010 | D:2      | Reached skill level 4 in Evocations
  2398 | D:3      | Killed from afar by an orc priest

Levels and vault maps discovered:
D:1:      scummos_arrival_hexagon, layout_basic, chequers_serial_rivers_large_a
D:2:      layout_rooms, uniq_jessica, uniq_robin, uniq_sigmund
D:3:      layout_basic, serial_park_tiny_pond

Skill      XL: |  1  2  3  4  5 |
---------------+----------------+-----
Stealth        | 1 2 |  2.6
Dodging        | 2 |  2.9
Fighting       | 2 3 |  3.0
Short Blades   | 2 |  2.6
Evocations     | 4 |  4.0

Action                   |  1- 3 |  4- 6 || total
-------------------------+-------+-------++-------
Melee: Short sword       |    96 |    52 ||   148
       Tailslap          |     5 |     5 ||    10
Throw: Boomerang         |    11 |    11 ||    22
Evoke: Wand              |     1 |    10 ||    11
  Use: Scroll            |       |     1 ||     1
  Eat: Chunk             |     2 |     3 ||     5
Armor: Skin              |    22 |    21 ||    43
Dodge: Dodged            |    54 |    56 ||   110
